Map: Inferno Pools (Void)

Players

Javert - Winner!

  • Race: Zerg Zerg
  • League: Grandmaster

fenor

  • Race: Protoss Protoss
  • League: Grandmaster

VOD

Have the link to the VOD?

Description

Time

  • Played on: June 23, 2015, 2:57 p.m.
  • Length: 12:13
Show
View Real Time Build Order
Export as new Build Order

Javert Zerg - Winner!

Build Orders: Hatch First 

Get SALT Encoding   

  12  0:01  Drone  
  13  0:13  Overlord  
  13  0:18  Drone  
  14  0:32  Drone x2  
  16  0:37  Drone  
  17  0:53  Hatchery  
  17  0:55  Extractor  
  15  0:59  Drone  
  15  1:01  Drone  
  17  1:09  Drone  
  18  1:20  Spawning Pool  
  18  1:23  Drone  
  18  1:29  Drone  
  19  1:40  Overlord  
  19  1:51  Drone  
  20  2:09  Queen  
  20  2:10  Queen  
  20  2:11  Metabolic Boost  
  20  2:14  Zergling x2  
  20  2:15  Zergling x4  
  27  2:23  Drone x2  
  27  2:29  Drone  
  30  2:38  Drone  
  30  2:39  Drone  
  32  2:50  Drone x2  
  34  3:02  Overlord  
  34  3:19  Hatchery, Overlord x2  
  33  3:34  Drone x8  
  36  3:35  Drone x2  
  43  3:51  Drone x3  
  46  3:59  Drone  
  46  4:00  Drone x5  
  51  4:07  Queen  
  54  4:18  Extractor  
  54  4:19  Lair  
  54  4:23  Extractor  
  49  4:25  Extractor  
  48  4:35  Drone x2  
  48  4:36  Drone x5  
  55  4:56  Zergling x6  
  55  4:57  Zergling x14  
  65  5:02  Evolution Chamber  
  65  5:03  Evolution Chamber  
  63  5:08  Overlord  
  63  5:12  Drone  
  63  5:13  Drone x2, Overlord  
  63  5:14  Overlord x2  
  65  5:32  Drone x7  
  69  5:40  Drone x2  
  69  5:42  Spire  
  70  5:50  Overseer  
  70  5:55  Drone  
  70  5:56  Drone x5  
  76  5:57  Extractor  
  76  5:58  Extractor  
  76  6:00  Zerg Missile Weapons Level 1, Roach Warren  
  76  6:01  Zerg Ground Armor Level 1  
  76  6:02  Hydralisk Den  
  76  6:03  Drone x4  
  76  6:18  Overlord x3  
  77  6:25  Drone  
  77  6:26  Drone x7  
  82  6:42  Spine Crawler  
  82  6:43  Spine Crawler  
  82  6:45  Spore Crawler  
  79  6:48  Hatchery  
  78  6:55  Mutalisk  
  78  6:56  Mutalisk x11  
  102  7:01  Zergling x10  
  97  7:32  Mutalisk x5  
  97  7:36  Zergling x12  
  97  7:37  Zergling x8  
  116  7:49  Drone  
  116  7:50  Drone x5  
  122  7:54  Glial Reconstitution, Muscular Augments  
  122  7:59  Queen x2  
  122  8:03  Drone x2  
  128  8:06  Extractor  
  128  8:07  Extractor  
  128  8:08  Hatchery, Overseer  
  120  8:30  Overlord x2  
  120  8:31  Overlord  
  120  8:33  Drone x6  
  120  8:34  Drone x2  
  128  8:40  Zerg Ground Armor Level 2, Zerg Missile Weapons Level 2  
  128  8:44  Infestation Pit  
  127  8:51  Overlord  
  127  9:04  Hydralisk  
  127  9:05  Hydralisk x9  
  145  9:19  Hydralisk x6  
  145  9:23  Zergling x12  
  161  9:36  Overseer x2  
  161  9:38  Spine Crawler  
  161  9:41  Spine Crawler x2  
  161  9:42  Spine Crawler  
  161  9:43  Spine Crawler x2, Overseer  
  155  9:48  Hydralisk x2  
  155  9:52  Hatchery  
  156  9:53  Spine Crawler  
  155  10:02  Overseer  
  155  10:05  Overlord  
  155  10:06  Overlord x2  
  155  10:08  Spine Crawler  
  155  10:11  Spine Crawler  
  155  10:12  Spine Crawler, Overseer x2  
  143  10:31  Zergling x16  
  143  10:32  Zergling x4  
  134  10:54  Zergling x18  
  127  11:24  Zergling x12  
  121  11:36  Hydralisk  
  118  11:39  Hydralisk x4  
  118  11:56  Drone x4  
Show
View Real Time Build Order
Export as new Build Order

fenor Protoss 

Build Orders:  

Get SALT Encoding   

  12  0:01  Probe  
  13  0:14  Pylon  
  13  0:19  Probe  
  14  0:32  Probe (Chrono Boost)  
  15  0:39  Gateway  
  15  0:42  Probe (Chrono Boost)  
  16  0:47  Assimilator  
  16  0:49  Probe  
  17  1:01  Probe (Chrono Boost)  
  18  1:06  Pylon  
  18  1:13  Probe (Chrono Boost)  
  19  1:23  Probe (Chrono Boost)  
  20  1:28  Cybernetics Core  
  20  1:31  Probe (Chrono Boost)  
  21  1:43  Probe (Chrono Boost)  
  22  1:54  Pylon  
  22  2:01  Nexus  
  22  2:10  Stalker  
  22  2:12  Warp Gate (Chrono Boost)  
  24  2:26  Forge  
  24  2:30  Mothership Core  
  26  2:51  Probe  
  26  2:54  Gateway  
  27  3:03  Probe, Protoss Ground Weapons Level 1 (Chrono Boost)  
  27  3:04  Pylon  
  28  3:09  Assimilator  
  28  3:14  Probe  
  28  3:15  Probe  
  30  3:26  Probe  
  31  3:28  Probe  
  31  3:31  Stalker (Chrono Boost)  
  34  3:38  Probe  
  34  3:40  Probe  
  34  3:42  Gateway  
  32  4:04  Probe  
  31  4:26  Assimilator  
  31  4:29  Probe (Chrono Boost)  
  31  4:31  Assimilator  
  31  4:33  Probe (Chrono Boost)  
  31  4:36  Probe (Chrono Boost)  
  31  4:38  Zealot x3  
  37  4:39  Robotics Facility  
  37  4:45  Probe  
  40  4:49  Photon Cannon  
  40  4:55  Probe  
  41  5:03  Zealot  
  41  5:04  Sentry  
  41  5:06  Protoss Ground Armor Level 1 (Chrono Boost)  
  46  5:08  Probe (Chrono Boost)  
  46  5:09  Probe (Chrono Boost)  
  46  5:10  Pylon  
  48  5:22  Probe (Chrono Boost)  
  48  5:25  Zealot x2  
  44  5:37  Probe  
  44  5:40  Twilight Council  
  45  5:43  Warp Prism (Chrono Boost)  
  45  5:49  Probe  
  48  6:00  Zealot x2  
  48  6:01  Probe (Chrono Boost), Zealot  
  55  6:13  Probe (Chrono Boost)  
  56  6:22  Gateway  
  56  6:26  Gateway  
  56  6:32  Stalker  
  58  6:42  Gateway  
  58  6:45  Gateway  
  58  6:56  Zealot  
  58  6:57  Zealot x2  
  64  7:06  Charge (Chrono Boost)  
  64  7:12  Dark Shrine  
  64  7:21  Zealot x2  
  67  7:30  Probe (Chrono Boost)  
  67  7:32  Photon Cannon  
  67  7:36  Photon Cannon  
  60  7:40  Probe (Chrono Boost)  
  46  7:44  Zealot x2  
  46  7:45  Zealot  
  44  7:52  Probe  
  45  7:59  Stalker x4  
  45  8:03  Sentry  
  55  8:10  Protoss Ground Weapons Level 2 (Chrono Boost)  
  55  8:24  Stalker x4  
  54  8:29  Probe x2  
  54  8:33  Blink (Chrono Boost)  
  57  8:41  Probe x2  
  58  8:49  Dark Templar  
  58  8:53  Probe (Chrono Boost)  
  62  8:58  Probe (Chrono Boost)  
  63  9:03  Templar Archives, Probe (Chrono Boost)  
  63  9:07  Probe (Chrono Boost)  
  63  9:08  Stalker x2  
  68  9:18  Pylon  
  68  9:22  Pylon  
  68  9:36  Probe, Pylon  
  67  9:39  Pylon  
  67  9:45  High Templar x2  
  69  9:46  High Templar x2  
  69  9:48  Pylon  
  75  9:54  Archon x2  
  75  9:59  Gateway  
  75  10:06  High Templar x2  
  79  10:12  Archon  
  79  10:27  Dark Templar x2  
  79  10:28  Stalker x2, Dark Templar  
  77  10:29  Stalker  
  66  10:45  Stalker  
  66  10:48  Stalker x2  
  66  11:02  Stalker x3  
  64  11:04  Probe  
  64  11:11  Robotics Bay  
  65  11:15  Zealot x2  
  57  11:28  Zealot  
  57  11:29  Zealot x2  
Tags
 
Add a new tag
Caveats
  • Supply blocks, unpowered buildings, or Contaminate may cause inaccurate times.
  • Supply counts are checked every 10 seconds.